 Dungeon Crawl Stone Soup version bcrawl-1.12-8-g964540c432 (webtiles) character file.

Game seed: 9994148897339610773

14883 MisterOstroum the Spear-Bearer (level 11, -34/90 HPs)
             Began as a Demonspawn Archaeologist on June 3, 2019.
             Was an Initiate of Ashenzari.
             Annihilated by a white very ugly thing (37 damage)
             ... on level 10 of the Dungeon.
             The game lasted 00:39:44 (13124 turns).

MisterOstroum the Spear-Bearer (DsAc)              Turns: 13124, Time: 00:39:45

Health: -34/90     AC: 15    Str: 14    XL:     11   Next: 94%
Magic:  0/20       EV: 13    Int: 17    God:    Ashenzari [......]
Gold:   904        SH:  0    Dex: 13    Spells: 10/10 levels left

rFire    . . .     SeeInvis .   f - +13 scythe of Curses {drain, *Curse} (curse)
rCold    . . .     Gourm    .   (shield currently unavailable)
rNeg     . . .     Faith    .   L - +2 ring mail {rPois} (curse)
rPois    +         Spirit   +   o - +0 helmet (curse)
rElec    .         Reflect  .   F - +0 cloak (curse)
rCorr    .         Harm     .   d - +1 pair of gloves (curse)
MR       .....                  c - +1 pair of boots (curse)
Stlth    +++.......             k - amulet of guardian spirit (curse)
HPRegen  0.25/turn              y - ring of magical power (curse)
MPRegen  0.17/turn              (no ring)

@: no status effects
A: hooves 1, thin skeletal structure 1, nightstalker 1, powered by pain 1
a: Curse Item, Renounce Religion


You were on level 10 of the Dungeon.
You worshipped Ashenzari.
Ashenzari was noncommittal.
You were not hungry.

You visited 2 branches of the dungeon, and saw 11 of its levels.
You also visited: Bailey.

You collected 904 gold pieces.

Inventory:

Hand Weapons
 f - the cursed +13 scythe of Curses (weapon) {drain, *Curse} A truly terrible weapon, it drains the life of those it strikes. It curses itself when equipped. It has a curse placed upon it.
Missiles
 i - 3054 stones (quivered)
 w - 100 javelins
 G - 2 throwing nets {!f!f}
 M - 736 tomahawks
Armour
 c - a cursed +1 pair of boots (worn)
 d - a cursed +1 pair of gloves (worn)
 l - the cursed +9 plate armour of Virtue {rN+ Str-4 Int+2 SInv}
   (You found it in a bailey)

   It affects your strength (-4).
   It affects your intelligence (+2).
   It protects you from negative energy.
   It lets you see invisible.
   It has a curse placed upon it.
 n - a cursed +2 robe of cold resistance
 o - a cursed +0 helmet (worn)
 B - a cursed +1 helmet
 F - a cursed +0 cloak (worn)
 L - a cursed +2 ring mail of poison resistance (worn)
Jewellery
 k - a cursed amulet of guardian spirit (around neck)
 v - the cursed ring "Imaomnaic" {MR+ Dex+2}
   (You acquired it on level 9 of the Dungeon)

   [ring of protection from magic]

   It affects your dexterity (+2).
   It affects your resistance to hostile enchantments.
   It has a curse placed upon it.
 y - a cursed ring of magical power (left hand)
 E - an uncursed ring of positive energy
Wands
 g - a wand of flame (20)
 h - a wand of paralysis (9)
 H - a wand of enslavement (5)
 J - a wand of clouds (2)
 N - a wand of polymorph (16)
 Q - a wand of iceblast (10)
 S - a wand of digging (9)
Scrolls
 b - 2 scrolls of acquirement
 m - 15 scrolls of teleportation {@r3 !r}
 s - 2 scrolls of blinking {unknown}
 t - 2 scrolls of magic mapping {@r5 !r}
 A - 2 scrolls of fog {unknown}
 I - a scroll of immolation {unknown}
 K - a scroll of brand weapon {unknown}
 O - a scroll of summoning {unknown}
Potions
 a - a potion of magic
 j - a potion of curing {@q1 !q}
 p - 2 potions of haste
 q - 3 potions of resistance
 r - 4 potions of lignification
 u - 3 potions of brilliance
 x - a potion of ambrosia
 z - 2 potions of agility
 C - 3 potions of heal wounds
 D - 2 potions of mutation
 P - 3 potions of might {unknown}
Comestibles
 e - 20 rations {!d}
 R - a chunk of flesh


   Skills:
 * Level 10.1 Fighting
 * Level 14.0 Polearms
 + Level 5.0 Armour
 - Level 5.0 Dodging
 - Level 3.0 Stealth
 + Level 0.1 Evocations


You had 10 spell levels left.
You didn't know any spells.
Your spell library contained the following spells:

 Spells                   Type           Power        Failure   Level  Hunger
 Apportation              Tloc           #.....       41%         1    ##.....
 Infusion                 Chrm           #.......     41%         1    ##.....
 Summon Butterflies       Summ           #.......     41%         1    ##.....
 Song of Slaying          Chrm           #.......     56%         2    ###....
 Lesser Beckoning         Tloc           #.........   80%         3    ####...
 Ozocubu's Armour         Chrm/Ice       #.......     80%         3    ####...
 Regeneration             Chrm/Necr      #.........   80%         3    ####...
 Spectral Weapon          Hex/Chrm       #.......     80%         3    ####...
 Tukima's Dance           Hex            #.......     80%         3    ####...
 Alistair's Intoxication  Tmut/Pois      #.......     100%        5    ######.
 Invisibility             Hex            #.......     100%        6    #######


Dungeon Overview and Level Annotations

Branches:
Dungeon (10/12)            Temple (1/1) D:6             Orc (0/1) D:8
   Lair: D:7-10

Altars:
Ashenzari
Cheibriados
Dithmenos
Elyvilon
Fedhas
Gozag
Hepliaklqana
Kikubaaqudgha
Lugonu
Makhleb
Nemelex Xobeh
Okawaru
Qazlal
Ru
Sif Muna
Trog
Uskayaw
Vehumet
Wu Jian
Xom
Yredelemnul
Zin
The Shining One

Shops:
D:5 (   D:7 (   D:9 :


Innate Abilities, Weirdness & Mutations

You have large cloven feet.
You have a somewhat thin skeletal structure. (Dex +2, Stealth)
You are slightly more attuned to the shadows.
You sometimes gain a little power by taking damage.


Message History

You kill the hornet!
The iguana barely misses you.
You slash the iguana!
You kill the iguana!
Your Polearms skill increases to level 14!
A phantom comes into view.
Things that are here:
an iguana corpse; a hornet corpse Attack whom?
Press: ? - help, Dir - move target cursor, f - you
Okay, then.
You butcher the iguana corpse.
Things that are here:
2 chunks of flesh; an iguana skeleton; a hornet corpse Throwing (i - inventory. (/) - cycle)
i - 3060 stones (quivered)
Press: ? - help, Shift-Dir - straight line, f - phantom
Aim: a phantom You throw a stone.
The stone hits the phantom.
The phantom is lightly damaged.
Throwing (i - inventory. (/) - cycle)
i - 3059 stones (quivered)
Press: ? - help, Shift-Dir - straight line, f/p - phantom
Aim: a phantom (lightly damaged)
You throw a stone.
The stone hits the phantom but does no damage.
The phantom is lightly damaged.
Attack whom?
Press: ? - help, Dir - move target cursor, f/p - phantom
Aim: a phantom (lightly damaged)
You reach to attack!
You slice the phantom!!
The phantom is severely damaged.
You slice the phantom!!
You destroy the phantom!
No target in view!
No target in view!
A green ugly thing comes into view.
A green ugly thing is nearby!
A green ugly thing is nearby!
Throwing (i - inventory. (/) - cycle)
i - 3058 stones (quivered)
Press: ? - help, Shift-Dir - straight line, f - green ugly thing
Aim: a green ugly thing (hasn't noticed you)
You throw a stone. The green ugly thing gurgles horribly!
The stone hits the green ugly thing but does no damage.
Throwing (i - inventory. (/) - cycle)
i - 3057 stones (quivered)
Press: ? - help, Shift-Dir - straight line, f/p - green ugly thing
Aim: a green ugly thing You throw a stone.
The stone hits the green ugly thing but does no damage.
Throwing (i - inventory. (/) - cycle)
i - 3056 stones (quivered)
Press: ? - help, Shift-Dir - straight line, f/p - green ugly thing
Aim: a green ugly thing You throw a stone.
The stone barely misses the green ugly thing.
Throwing (i - inventory. (/) - cycle)
i - 3055 stones (quivered)
Press: ? - help, Shift-Dir - straight line, f/p - green ugly thing
Aim: a green ugly thing You throw a stone.
The stone closely misses the green ugly thing.
You slice the green ugly thing!!
The green ugly thing seems to slow down.
The green ugly thing looks incredibly listless.
The green ugly thing is moderately wounded.
The green ugly thing claws you but does no damage.
You closely miss the green ugly thing.
The green ugly thing is moderately wounded.
The green ugly thing completely misses you.
You slash the green ugly thing! You drain the green ugly thing.
The green ugly thing is heavily wounded.
The green ugly thing claws you but does no damage.
The white very ugly thing gurgles horribly!
You slash the green ugly thing!
The green ugly thing is severely wounded.
You slash the green ugly thing!
The green ugly thing is almost dead.
The green ugly thing claws you but does no damage.
You hit the green ugly thing.
The green ugly thing pauses, visibly distraught.
The green ugly thing is almost dead.
The green ugly thing barely misses you.
Some of the chunks of flesh in your inventory have rotted away.
You slash the white very ugly thing!
The white very ugly thing is lightly wounded.
The white very ugly thing tentacle-slaps you.
The white very ugly thing freezes you!!
The white very ugly thing tentacle-slaps you but does no damage.
You hit the white very ugly thing.
The white very ugly thing convulses!
The white very ugly thing is heavily wounded.
The white very ugly thing tentacle-slaps you!!
You focus on the pain.
You feel your power returning.
The white very ugly thing freezes you!!!
* * * LOW HITPOINT WARNING * * *
You focus on the pain.
You feel your power returning.
You hit the white very ugly thing but do no damage.
You drain the white very ugly thing.
You hear strange and distant voices.
The white very ugly thing is heavily wounded.
The white very ugly thing tentacle-slaps you!
* * * LOW HITPOINT WARNING * * *
The white very ugly thing freezes you!!!
You die...

###.# ...... #.#.#
........##.#.# .........#..#.#
........###.#.# #
........#.#.#.#.#.#
........#..uu@...$#
.........##########
........######################
..............................
.............)))..............
...##♣########..............!.
.. #................
#................
#................


You could see a white very ugly thing and a green ugly thing.

Vanquished Creatures
  An orc warlord (Bailey)
  A rakshasa (D:9)
  A centaur warrior (D:9)
  A two-headed ogre (D:8)
  The ghost of Morbidden the Thaumaturge, a novice FrCj of Vehumet (D:8)
  The ghost of petercordia2 the Covert, a novice FoAc (D:7)
  Pikel (D:5)
  2 centaur zombies
  2 gargoyles
  A centaur skeleton (D:9)
  2 tengu conjurers
  A merfolk (D:10)
  2 hornets
  6 trolls
  Grinder (D:3)
  A hippogriff (D:6)
  3 slime creatures (D:10)
  2 shadows (D:9)
  A wraith (D:9)
  A hungry ghost (D:7)
  4 wargs (D:8)
  4 orc warriors
  An ice beast (D:8)
  A black bear (D:8)
  3 ogres
  3 phantoms
  3 sky beasts
  3 necrophages
  2 centaurs (D:6)
  Blork the orc (D:5)
  7 big kobolds
  4 bullfrogs
  A gnoll sergeant (D:9)
  2 scorpions
  2 killer bees (D:8)
  2 vampire bats (D:2)
  A howler monkey (D:4)
  3 crimson imps
  2 quasits
  4 hounds
  5 jellies
  3 orc priests
  Crazy Yiuf (D:5)
  6 orc wizards
  Terence (D:2)
  4 iguanas
  8 worker ants
  11 gnolls
  12 adders
  2 shadow imps
  2 oozes
  An adder zombie (D:9)
  A worm (D:6)
  8 leopard geckos
  27 orcs
  5 bat skeletons (D:2)
  A bat zombie (D:2)
  4 giant cockroaches
  14 goblins
  7 hobgoblins
  5 jackals
  5 quokkas
  2 ball pythons
  6 bats
  A frilled lizard (D:1)
  2 jackal skeletons
  19 kobolds
  A quokka skeleton (D:2)
  A quokka zombie (D:6)
  2 rats (D:1)
252 creatures vanquished.

Vanquished Creatures (collateral kills)
  A hippogriff (D:6)
  A shadow (D:9)
  An acid dragon (D:10)
  4 big kobolds (D:7)
  A bullfrog (D:9)
  A killer bee (D:8)
  A crimson imp (D:9)
  6 kobolds (D:9)
16 creatures vanquished.

Vanquished Creatures (others)
  An ogre (D:5)
  An adder zombie (D:5)
  An orc (D:5)
  A fungus (D:7)
4 creatures vanquished.

Grand Total: 272 creatures vanquished

Notes
Turn   | Place    | Note
-------+----------+-------------------------------------------
     0 | D:1      | MisterOstroum the Demonspawn Archaeologist began the quest
                  | for the Orb.
     0 | D:1      | Reached XP level 1. HP: 15/15 MP: 1/1
   344 | D:1      | Gained mutation: You have a somewhat thin skeletal
                  | structure. (Dex +2, Stealth) [demonic ancestry]
   344 | D:1      | Reached XP level 2. HP: 10/22 MP: 2/2
  1170 | D:2      | Gained mutation: You are slightly more attuned to the
                  | shadows. [demonic ancestry]
  1170 | D:2      | Reached XP level 3. HP: 29/29 MP: 3/3
  1226 | D:2      | Noticed Terence
  1425 | D:3      | Reached skill level 1 in Polearms
  1620 | D:3      | Reached skill level 2 in Polearms
  1651 | D:3      | Reached skill level 3 in Polearms
  1651 | D:3      | Reached XP level 4. HP: 27/35 MP: 4/4
  1934 | D:3      | Reached skill level 4 in Polearms
  2083 | D:3      | Noticed Grinder
  2084 | D:3      | Paralysed by Grinder for 2 turns
  2707 | D:3      | Reached XP level 5. HP: 39/41 MP: 5/5
  2711 | D:3      | Found a shadowy altar of Dithmenos.
  2790 | D:3      | Reached skill level 5 in Polearms
  3006 | D:3      | Paralysed by Grinder for 4 turns
  3014 | D:3      | Paralysed by Grinder for 4 turns
  3033 | D:3      | Paralysed by Grinder for 3 turns
  3045 | D:3      | Killed Grinder
  3045 | D:3      | Reached skill level 6 in Polearms
  3045 | D:3      | Reached XP level 6. HP: 13/47 MP: 6/6
  3322 | D:2      | Killed Terence
  3322 | D:2      | Reached skill level 7 in Polearms
  3528 | D:2      | Found an ancient bone altar of Kikubaaqudgha.
  3779 | D:4      | Found a glowing silver altar of Zin.
  3805 | D:4      | Found a radiant altar of Vehumet.
  3843 | D:4      | Gained mutation: You have large cloven feet. [demonic
                  | ancestry]
  3843 | D:4      | Reached XP level 7. HP: 53/53 MP: 7/7
  4138 | D:4      | Found a glowing golden altar of the Shining One.
  4204 | D:5      | Entered Level 5 of the Dungeon
  4598 | D:4      | Reached skill level 5 in Fighting
  4599 | D:4      | Reached skill level 8 in Polearms
  5047 | D:5      | Noticed Pikel
  5050 | D:5      | Paralysed by Pikel for 4 turns
  5054 | D:5      | Killed Pikel
  5054 | D:5      | Reached XP level 8. HP: 65/65 MP: 8/8
  5085 | D:5      | Noticed Blork the orc
  5092 | D:5      | Killed Blork the orc
  5259 | D:5      | Reached skill level 9 in Polearms
  5297 | D:5      | Found an opulent altar of Gozag.
  5341 | D:5      | Found Laom's Antique Weapon Shop.
  5431 | D:5      | Found a runed door.
  5467 | D:5      | Noticed Crazy Yiuf
  5476 | D:5      | Killed Crazy Yiuf
  5680 | D:6      | Noticed a hippogriff
  5694 | D:6      | Killed a hippogriff
  5932 | D:6      | Gained mutation: You sometimes gain a little power by
                  | taking damage. [demonic ancestry]
  5932 | D:6      | Reached XP level 9. HP: 71/71 MP: 9/9
  6237 | D:6      | Found a staircase to the Ecumenical Temple.
  6257 | Temple   | Entered the Ecumenical Temple
  6784 | D:6      | Reached skill level 10 in Polearms
  6986 | D:7      | Found a basalt altar of Yredelemnul.
  7010 | D:7      | Found Ganaj's Weapon Emporium.
  7293 | D:7      | Found a runed translucent gate.
  7294 | D:7      | Found a runed translucent gate.
  7294 | D:7      | Noticed petercordia2's ghost (novice FoAc)
  7295 | D:7      | Found a runed translucent gate.
  7380 | D:7      | Killed petercordia2's ghost
  7400 | D:7      | Reached XP level 10. HP: 30/83 MP: 8/10
  8019 | D:8      | Noticed a gargoyle
  8024 | D:8      | Killed a gargoyle
  8024 | D:8      | Reached skill level 11 in Polearms
  8236 | D:8      | Found a runed translucent gate.
  8236 | D:8      | Found a runed translucent gate.
  8237 | D:8      | Found a runed translucent gate.
  8237 | D:8      | Noticed Morbidden's ghost (novice FrCj)
  8257 | D:8      | Reached skill level 10 in Fighting
  8433 | D:8      | Found a staircase to the Orcish Mines.
  8496 | D:8      | Noticed a two-headed ogre
  8506 | D:8      | Killed a two-headed ogre
  9432 | D:8      | Killed Morbidden's ghost
  9432 | D:8      | Reached skill level 1 in Armour
  9436 | D:8      | Reached skill level 12 in Polearms
  9637 | D:9      | Reached skill level 5 in Dodging
  9744 | D:9      | Reached XP level 11. HP: 73/90 MP: 11/11
  9774 | D:9      | Found a white marble altar of Elyvilon.
  9973 | D:9      | Found a burning altar of Makhleb.
  9973 | D:9      | Noticed a green death
 10053 | D:9      | Found a flagged portal.
 10053 | D:9      | Noticed a rakshasa
 10173 | D:9      | Killed a rakshasa
 10207 | Bailey   | Entered a bailey
 10291 | Bailey   | Noticed an orc warlord
 10405 | Bailey   | Found a runed gate.
 10405 | Bailey   | Found a runed gate.
 10413 | Bailey   | Found a runed gate.
 10592 | Bailey   | Killed an orc warlord
 10620 | Bailey   | Got an ichor-stained plate armour
 10762 | D:9      | Identified 2 scrolls of acquirement
 10763 | D:9      | Got a scorched ivory ring
 10844 | D:9      | Found Mesilak's Book Boutique.
 11158 | D:9      | Found a shattered altar of Ashenzari.
 11261 | D:9      | Became a worshipper of Ashenzari the Shackled
 11261 | D:9      | Identified the cursed +9 plate armour of Virtue {rN+ Str-4
                  | Int+2 SInv} (You found it in a bailey)
 11261 | D:9      | Identified the cursed ring "Imaomnaic" {MR+ Dex+2} (You
                  | acquired it on level 9 of the Dungeon)
 11340 | D:9      | Noticed a centaur warrior
 11347 | D:9      | Killed a centaur warrior
 11347 | D:9      | Reached skill level 13 in Polearms
 11861 | D:9      | Reached skill level 5 in Armour
 12012 | D:10     | Entered Level 10 of the Dungeon
 12440 | D:10     | Noticed a cyclops
 12713 | D:10     | Noticed a white very ugly thing
 13043 | D:10     | Reached skill level 14 in Polearms
 13110 | D:10     | Noticed a green ugly thing
 13124 | D:10     | HP: 3/90 [white very ugly thing (8)]
 13124 | D:10     | Annihilated by a white very ugly thing

Skill      XL: |  1  2  3  4  5  6  7  8  9 10 11 |
---------------+----------------------------------+-----
Fighting       | 2 3 6 7 9 10 | 10.1
Polearms       | 3 4 6 7 8 9 10 12 14 | 14.0
Dodging        | 5 |  5.0
Armour         | 2 5 |  5.0
Stealth        | |  3.0
Evocations     | |  0.1

Action                   |  1- 3 |  4- 6 |  7- 9 | 10-12 || total
-------------------------+-------+-------+-------+-------++-------
Melee: Short sword       |    97 |       |       |       ||    97
       Spear             |   110 |    99 |       |       ||   209
       Scythe            |       |    39 |   181 |   305 ||   525
Throw: Stone             |    72 |    46 |    98 |    90 ||   306
       Javelin           |       |       |       |    21 ||    21
Evoke: Wand              |       |       |     5 |       ||     5
  Use: Scroll            |     1 |     3 |    11 |    10 ||    25
       Potion            |       |     1 |     1 |       ||     2
 Stab: Sleeping          |       |     4 |     2 |     3 ||     9
       Distracted        |       |       |       |     1 ||     1
  Eat: Chunk             |     3 |     3 |    11 |     8 ||    25
       Ration            |       |     1 |     1 |     3 ||     5
Armor: Scale mail        |   130 |    67 |   117 |     5 ||   319
       Ring mail         |       |       |       |   144 ||   144
Dodge: Dodged            |   127 |    51 |   116 |   204 ||   498
